 Dungeon Crawl Stone Soup version 0.17-a0-1184-gb75be8f (webtiles) character file.

65 Kidiri the Shooter (level 3, -2/30 HPs)
             Began as a Centaur Hunter on June 1, 2015.
             Was an Initiate of Okawaru.
             Slain by Fluffy's ghost (7 damage)
             ... on level 3 of the Dungeon.
             The game lasted 00:15:29 (1974 turns).

Kidiri the Shooter (Centaur Hunter)                 Turns: 1974, Time: 00:15:30

Health: -2/30      AC:  6    Str: 15    XL:     3   Next: 94%
Magic:  3/3        EV:  9    Int: 10    God:    Okawaru [......]
Gold:   125        SH:  0    Dex:  9    Spells: 0 memorised, 2 levels left

rFire  . . .     SeeInvis .     a - +0 short sword
rCold  . . .     Clarity  .     d - +0 leather armour
rNeg   . . .     SustAt   .     (no shield)
rPois  .         Gourm    .     o - +1 helmet
rElec  .         Spirit   .     (no cloak)
rCorr  .         Warding  .     (no gloves)
rMut   .         Stasis   .     (no barding)
MR     .....                    (no amulet)
Stlth  +.........               (no ring)
                                s - ring of invisibility

@: hasted, very quick, not resistant to hostile enchantments, very unstealthy
A: hooves 3, deformed body, speed 2, tough skin 3
a: Renounce Religion, Evoke Invisibility


You were on level 3 of the Dungeon.
You worshipped Okawaru.
Okawaru was noncommittal.
You were not hungry.

You visited 1 branch of the dungeon, and saw 3 of its levels.

You collected 125 gold pieces.

Inventory:

Hand weapons
 a - a +0 short sword (weapon)
 b - a +1 shortbow
 i - a +1 hunting sling of flaming
Missiles
 c - 50 arrows
Armour
 d - a +0 leather armour (worn)
 g - a +0 ring mail
 j - a +0 chain mail
 o - a +1 helmet (worn)
Jewellery
 s - a ring of invisibility (left hand)
Potions
 k - 2 potions of curing {unknown}
 l - 2 potions of lignification {unknown}
 n - a potion of magic
 q - a potion of agility
Comestibles
 e - 2 bread rations
 m - 2 meat rations


   Skills:
 * Level 2.4 Fighting
 + Level 0.8 Short Blades
 * Level 5.7 Bows
 + Level 0.5 Armour
 * Level 2.1 Dodging
 + Level 0.9 Stealth
 + Level 0.1 Evocations


You had 2 spell levels left.
You didn't know any spells.

Dungeon Overview and Level Annotations

Branches:
Dungeon (3/15)

Altars:
Okawaru

Annotations:
D:3 Fluffy's ghost, average DsFi


Innate Abilities, Weirdness & Mutations

You have hooves in place of feet.
Armour fits poorly on your strangely shaped body.
You cover ground very quickly.
You have extremely tough skin (AC +3).


Message History

Aim: a giant gecko (clinging)
You shoot an arrow. The arrow misses the giant gecko.
The giant gecko bites you.
* * * LOW HITPOINT WARNING * * *
Fluffy's ghost barely misses you.
You aren't carrying any spellbooks or scrolls.
You aren't carrying any spellbooks or scrolls.
Drink which item? (? for menu, Esc to quit)
You feel much better. The giant gecko bites you. Fluffy's ghost hits you!
Wield which item (- for none, * to show all)? (? for menu, Esc to quit)
a - a +0 short sword (weapon)
The giant gecko bites you.
You miss the giant gecko. Your kick misses the giant gecko.
Fluffy's ghost hits you.
* * * LOW HITPOINT WARNING * * *
The giant gecko bites you.
* * * LOW HITPOINT WARNING * * *
Drink which item? (? for menu, Esc to quit)
You feel yourself speed up. Fluffy's ghost hits you!
You die...

...# ...# # ...# #.
...+ .######..
...##... ......####
....<..# #(l@.#
...##..# ####W#
(..##..# #.# .#.##..#
#.#
.#.....#####+####(###
.###............#...#
................###.#
.###..(..........W..#
.# #............#####


You could see Fluffy's ghost and a giant gecko.

Vanquished Creatures
  2 adders (D:2)
  A ball python (D:2)
  11 bats
  3 giant cockroaches
  8 goblins
  4 hobgoblins
  3 jackals (D:1)
  A quokka (D:2)
  3 giant newts
  8 kobolds
  2 rats
46 creatures vanquished.

Notes
Turn   | Place    | Note
--------------------------------------------------------------
     0 | D:1      | Kidiri the Centaur Hunter began the quest for the Orb.
     0 | D:1      | Reached XP level 1. HP: 17/17 MP: 1/1
   236 | D:1      | Reached XP level 2. HP: 25/25 MP: 2/2
  1004 | D:2      | Reached XP level 3. HP: 30/30 MP: 3/3
  1768 | D:3      | Found an iron altar of Okawaru.
  1885 | D:3      | Became a worshipper of Warmaster Okawaru
  1918 | D:3      | Noticed Fluffy's ghost (average DsFi)
  1974 | D:3      | Slain by Fluffy's ghost

Vault maps used:
D:1:      dpeg_arrival_erosion
D:3:      first_bread, okawaru_metal_pillars_1_2

Action                   || total
-------------------------++-------
Melee: Short sword       ||    18
 Fire: Shortbow          ||   129
  Use: Scroll            ||     5
       Potion            ||     5
  Eat: Chunk             ||     2
